 Dungeon Crawl Stone Soup version 0.25.1-8-g42b30a86e7 (webtiles) character file.

Game seed: 8508369531425166966

53 Destapler the Ogre Mage (level 3, 0/35 HPs)
             Began as an Ogre Wizard on Dec 10, 2020.
             Slain by Crazy Yiuf
             ... wielding a +2 quarterstaff of chaos
              (5 damage)
             ... while petrified by Crazy Yiuf
             ... on level 2 of the Dungeon.
             The game lasted 00:08:53 (1947 turns).

Destapler the Ogre Mage (Ogre Wizard)               Turns: 1947, Time: 00:08:54

Health: 0/35       AC:  3    Str: 12    XL:     3   Next: 87%
Magic:  8/8        EV:  1    Int: 19    God:
Gold:   84         SH:  0    Dex:  7    Spells: 7/10 levels left

rFire    . . .     SeeInvis .   a - +1 short sword (drain)
rCold    . . .     Gourm    .   (no shield)
rNeg     + + +     Faith    .   k - +0 robe (curse)
rPois    ∞         Spirit   .   l - +0 hat
rElec    .         Reflect  +   (no cloak)
rCorr    .         Harm     .   (gloves unavailable)
MR       .....                  (boots unavailable)
Stlth    +.........             u - amulet of reflection
HPRegen  0.11/turn              (no ring)
MPRegen  0.11/turn              (no ring)

@: mighty, lethally poisoned (0 -> 0), petrified, very slightly contaminated,
invisible
A: large, unfitting armour, tough skin 1
a: no special abilities


You were on level 2 of the Dungeon.
You were not hungry.

You visited 1 branch of the dungeon, and saw 2 of its levels.

You collected 84 gold pieces.

Inventory:

Hand Weapons
 a - a +1 short sword of draining (weapon)
Missiles
 c - 17 poisoned darts (quivered)
Armour
 k - a cursed +0 robe (worn)
 l - a +0 hat (worn)
 r - a +0 robe
Jewellery
 p - an uncursed amulet of the acrobat {unknown}
 u - an amulet of reflection (around neck)
Scrolls
 g - 5 scrolls of identify {unknown}
 j - a scroll of remove curse {unknown}
 m - a scroll of magic mapping {unknown}
 t - a scroll of teleportation {unknown}
 v - a scroll of immolation {unknown}
 L - a scroll of fog {unknown}
Potions
 b - 3 potions of heal wounds
 e - a potion of lignification {unknown}
 f - a potion of stabbing {unknown}
 h - a potion of curing {unknown}
 i - 2 potions of cancellation {unknown}
 n - a potion of resistance {unknown}
 o - a potion of brilliance {unknown}
 s - a potion of degeneration {unknown}
Comestibles
 d - 4 rations
 q - 5 chunks of flesh


   Skills:
 + Level 1.7 Fighting
 - Level 2.0 Dodging
 + Level 1.9 Stealth
 + Level 4.0 Spellcasting
 * Level 2.0 Conjurations
   Level 0.8 Summonings
 + Level 0.9 Translocations


You had 7 spell levels left.
You knew the following spells:

 Your Spells              Type           Power        Failure   Level  Hunger
a - Magic Dart            Conj           ##..         6%          1    None
B - Blink                 Tloc           N/A          14%         2    ##.....

Your spell library contained the following spells:

 Spells                   Type           Power        Failure   Level  Hunger
 Call Imp                 Summ           #.......     14%         2    ##.....
 Slow                     Hex            #.......     21%         2    ##.....
 Conjure Flame            Conj/Fire      #.......     26%         3    ###....
 Mephitic Cloud           Conj/Pois/Air  #.......     30%         3    ###....


Dungeon Overview and Level Annotations

Branches:
Dungeon (2/15)

Altars:
Gozag

Annotations:
D:2 Crazy Yiuf


Innate Abilities, Weirdness & Mutations

You are too large for most types of armour.
You have tough skin. (AC +1)


Message History

Crazy Yiuf freezes you.
Crazy Yiuf whimpers, "Gum!"
Crazy Yiuf hits you but does no damage.
Crazy Yiuf hits you with a +2 quarterstaff of chaos.
Crazy Yiuf freezes you. Crazy Yiuf hits you but does no damage.
Crazy Yiuf hits you with a +2 quarterstaff of chaos.
* * * LOW HITPOINT WARNING * * *
You fade into invisibility!
You are very lightly contaminated with residual magic.
Crazy Yiuf hits you with a +2 quarterstaff of chaos!
* * * LOW HITPOINT WARNING * * *
You feel very mighty all of a sudden. Crazy Yiuf hits you but does no damage.
Space bends around you.
* * * LOW HITPOINT WARNING * * *
Crazy Yiuf hits you with a +2 quarterstaff of chaos!
* * * LOW HITPOINT WARNING * * *
Crazy Yiuf burns you.
Crazy Yiuf hits you with a +2 quarterstaff of chaos!
You die...

# ##.# #####.#.
.......########
#.....)..#.### ###
#.#.@g....#.g##...#
#........####.'...#
###.#.....##
###..)#
#######...#..####
### .......(######
#.#####...#..#
###.#.## ###
##...## #.#
##.#...## #.#


You could see Crazy Yiuf.

Vanquished Creatures
  An ooze (D:1)
  A worm (D:2)
  4 dart slugs
  2 leopard geckos
  6 goblins
  4 hobgoblins
  4 bats
  2 frilled lizards
  6 kobolds
  7 rats
37 creatures vanquished.

Notes
Turn   | Place    | Note
-------+----------+-------------------------------------------
     0 | D:1      | Destapler the Ogre Wizard began the quest for the Orb.
     0 | D:1      | Reached XP level 1. HP: 16/16 MP: 5/5
     8 | D:1      | You fall into a shaft and drop 1 floor!
    14 | D:2      | Reached skill level 1 in Conjurations
   142 | D:2      | Reached XP level 2. HP: 22/26 MP: 0/6
   222 | D:1      | Noticed a centaur
   437 | D:1      | Reached skill level 1 in Fighting
   511 | D:1      | Reached XP level 3. HP: 21/33 MP: 2/8
  1410 | D:2      | Learned a level 2 spell: Blink
  1436 | D:2      | Found an opulent altar of Gozag.
  1835 | D:2      | Reached skill level 4 in Spellcasting
  1908 | D:2      | Found a runed translucent door.
  1909 | D:2      | Noticed Crazy Yiuf
  1947 | D:2      | Slain by Crazy Yiuf

Illustrated notes

Levels and vault maps discovered:
D:1:      evilmike_arrival_come_back, layout_basic, chequers_big_river,
          minmay_indecisive_spiral
D:2:      layout_loops_ring, grunt_gozag_breadcrumbs, lemuel_round_altar,
          uniq_crazy_yiuf_cottage

Skill      XL: |  1  2  3 |
---------------+----------+-----
Conjurations   | 1 2 |  2.0
Dodging        | 2 |  2.0
Fighting       | 1 |  1.7
Spellcasting   | 4 |  4.0
Stealth        | |  1.9
Summonings     | |  0.8
Translocations | |  0.9

Action                   || total
-------------------------++-------
Melee: Unarmed           ||    15
       Club              ||    33
       Short sword       ||     8
 Cast: Magic Dart        ||    70
  Use: Potion            ||     1
 Stab: Sleeping          ||     1
  Eat: Chunk             ||     3
Armor: Robe              ||    17
Dodge: Dodged            ||    32
Block: Other             ||     2
       Reflection        ||     1
